 Dungeon Sprint DCSS version 0.21.1-1-g345015f (webtiles) character file.

8249 wojtek the Severer (level 11, -1/111 HPs)
             Began as a Minotaur Berserker on Mar 10, 2018.
             Was the Champion of Trog.
             Slain by Rupert
             ... wielding a +0 great mace of protection
              (11 damage)
             ... in the Dungeon (Sprint III: "The Ten Rune Challenge").
             The game lasted 00:05:22 (2007 turns).

wojtek the Severer (Minotaur Berserker)             Turns: 2007, Time: 00:05:23

Health: -1/111     AC: 16    Str: 28    XL:     11   Next: 7%
Magic:  10/10      EV: 15    Int:  4    God:    Trog [******]
Gold:   2366       SH:  0    Dex: 14    Spells: 10/10 levels left

rFire    . . .     SeeInvis .   x - +10 executioner's axe of the Twelve Ghosts {chop, rPois Str+2 Dex+5 Stlth-}
rCold    . . .     Gourm    .   (shield currently unavailable)
rNeg     . . .     Faith    .   t - +0 plate armour
rPois    +         Spirit   .   (helmet restricted)
rElec    .         Reflect  .   (no cloak)
rCorr    .         Harm     .   (no gloves)
MR       .....     NoTele   +   (no boots)
Stlth    ..........             (no amulet)
HPRegen  0.28/turn              (no ring)
MPRegen  0.12/turn              (no ring)

@: no status effects
A: retaliatory headbutt, horns 2
a: Berserk, Trog's Hand, Brothers in Arms, Burn Spellbooks, Renounce Religion


You were in the Dungeon.
You worshipped Trog.
Trog was exalted by your worship.
You were hungry.

You visited 1 branch You collected 2366 gold pieces.

Inventory:

Hand Weapons
 a - a +0 hand axe
 j - the +9 battleaxe of the Other Side {elec, +Rage rF+ Int+3 Stlth+}
   (Trog gifted it to you in the Dungeon)

   Occasionally, upon striking a foe, it will discharge some electrical energy
   and cause terrible harm.
   It affects your intelligence (+3).
   It protects you from fire.
   It lets you go berserk.
   It makes you more stealthy.
 s - a +6 antimagic broad axe
 u - a +2 antimagic battleaxe
 v - a +1 antimagic battleaxe
 w - a +6 executioner's axe of venom
 x - the +10 executioner's axe of the Twelve Ghosts (weapon) {chop, rPois Str+2 Dex+5 Stlth-}
   (Trog gifted it to you in the Dungeon)

   It inflicts extra damage upon your enemies.
   It affects your strength (+2).
   It affects your dexterity (+5).
   It protects you from poison.
   It makes you less stealthy.
Missiles
 b - 2 needles of confusion
Armour
 t - a +0 plate armour (worn)
Wands
 q - a wand of enslavement (16)
Scrolls
 i - a scroll of blinking
 l - 2 scrolls of immolation {unknown}
 m - 2 scrolls of identify {unknown}
 n - 2 scrolls of remove curse {unknown}
Potions
 d - 2 potions of curing
 e - a potion of heal wounds
 f - a potion of haste
 g - 2 potions of magic
 h - 2 potions of berserk rage
 k - 2 potions of mutation {unknown}
 o - 3 potions of flight
 p - a potion of brilliance {unknown}
Miscellaneous
 r - a box of beasts
Comestibles
 c - 12 rations
 z - 6 chunks of flesh


   Skills:
 + Level 14.4 Fighting
 * Level 19.1 Axes
 + Level 14.2 Armour
 + Level 13.2 Dodging


You had 10 spell levels left.
You didn't know any spells.

Dungeon Overview and Level Annotations

Branches:
Dungeon (1/1)

Altars:
Cheibriados
Dithmenos
Elyvilon
Fedhas
Gozag
Hepliaklqana
Kikubaaqudgha
Makhleb
Nemelex Xobeh
Okawaru
Qazlal
Ru
Sif Muna
Trog
Uskayaw
Vehumet
Wu Jian
Xom
Yredelemnul
Zin
The Shining One
Beogh
Jiyva
Lugonu

Shops:
D !

Annotations:
D Rupert


Innate Abilities, Weirdness & Mutations

You reflexively headbutt those who attack you in melee.
You have a pair of horns on your head.


Message History

Rupert roars wildly at you.
You are more confused.
Rupert roars madly and goes into a rage!
Rupert goes berserk!
Rupert hits you with a great mace of protection!!
Are you sure you want to stumble around while confused and next to your iron troll?
You're too confused to move!
Rupert hits you but does no damage.
Unknown command.
Are you sure you want to stumble around while confused and next to your iron troll?
You closely miss your iron troll. You miss Rupert.
Rupert hits you but does no damage. The iron troll bites you!
The iron troll claws you. The iron troll claws you!!
You feel better. Rupert closely misses you. The iron troll bites you!!
* * * LOW HITPOINT WARNING * * *
The iron troll claws you.
* * * LOW HITPOINT WARNING * * *
The iron troll claws you!!
* * * LOW HITPOINT WARNING * * *
Rupert hits you with a great mace of protection!
You die...

▓..........÷......#___#__
▓▓▓▓▓▓▓▓▓▓▓▓▓▓▓▓▓▓▓▓▓▓▓▓▓
+≈≈≈≈§≈§≈≈♣♣.....♣♣♣
#≈≈§§≈§≈.≈♣♣.≈≈≈≈'♣♣
#≈≈≈§§≈≈≈≈÷)..÷..#.†
#≈≈≈≈§§≈≈.♣♣♣♣♣♣♣#..
#≈≈§T≈§≈≈.♣ ###
▓##+####'######
▓......@@.......
▓#+#############


You could see Rupert (berserk) and an iron troll (berserk).

Vanquished Creatures
  Snorg (D)
  A centaur warrior (D)
  An unseen horror (D)
  A deep elf mage (D)
  2 spiny frogs (D)
  A rime drake (D)
  A komodo dragon (D)
  A queen bee (D)
  5 blink frogs (D)
  A shadow (D)
  A spatial vortex (D)
  3 wandering mushrooms (D)
  A swamp drake (D)
  A necrophage (D)
  2 centaurs (D)
  An earth elemental (D)
  A water elemental (D)
  32 killer bees (D)
  A jelly (D)
  A wizard (D)
  Jessica (D)
  A necromancer (D)
  3 humans (D)
  A kobold demonologist (D)
  A wolf (D)
  2 oozes (D)
  A rat (D)
69 creatures vanquished.

Vanquished Creatures (collateral kills)
  An orc knight (D)
  An orc sorcerer (D)
  2 orc warriors (D)
  2 orc priests (D)
  3 orc wizards (D)
  8 orcs (D)
  A kobold (D)
18 creatures vanquished.

Vanquished Creatures (others)
  2 draconian scorchers (D)
  2 yaktaurs (D)
  6 hellions (D)
  3 plants (D)
13 creatures vanquished.

Grand Total: 100 creatures vanquished

Notes
Turn   | Place    | Note
-------+----------+-------------------------------------------
     0 | D        | wojtek the Minotaur Berserker began the quest for the Orb.
     0 | D        | Reached XP level 1. HP: 19/19 MP: 0/0
     4 | D        | Reached skill level 4 in Axes
     5 | D        | Reached XP level 2. HP: 20/27 MP: 1/1
    60 | D        | Noticed Jessica
    62 | D        | Killed Jessica
    62 | D        | Reached ** piety under Trog
    62 | D        | Reached skill level 6 in Axes
    62 | D        | Reached XP level 3. HP: 27/35 MP: 2/2
    64 | D        | Reached skill level 5 in Fighting
    87 | D        | Killed a hellion
    87 | D        | Killed a hellion
    89 | D        | Killed a hellion
   138 | D        | Reached *** piety under Trog
   138 | D        | Reached XP level 4. HP: 42/42 MP: 3/3
   140 | D        | Killed a hellion
   151 | D        | Killed a white draconian scorcher
   152 | D        | Killed a white draconian scorcher
   158 | D        | Killed a yaktaur
   173 | D        | Noticed a water elemental
   178 | D        | Killed a water elemental
   178 | D        | Reached skill level 8 in Axes
   178 | D        | Reached skill level 5 in Armour
   178 | D        | Reached skill level 5 in Dodging
   183 | D        | Killed a hellion
   183 | D        | Killed a hellion
   231 | D        | Found a radiant altar of Vehumet.
   232 | D        | Found a deep blue altar of Sif Muna.
   232 | D        | Found an ancient bone altar of Kikubaaqudgha.
   232 | D        | Noticed a wizard
   234 | D        | Killed a wizard
   234 | D        | Reached XP level 5. HP: 24/51 MP: 4/4
   235 | D        | Reached **** piety under Trog
   235 | D        | Reached skill level 9 in Axes
   386 | D        | Killed a yaktaur
   428 | D        | Found a glowing silver altar of Zin.
   429 | D        | Found a glowing golden altar of the Shining One.
   429 | D        | Found a white marble altar of Elyvilon.
   429 | D        | Noticed a deep elf mage
   433 | D        | Noticed an ice beast
   435 | D        | Noticed an ice beast
   449 | D        | Noticed an ice beast
   451 | D        | Killed a deep elf mage
   451 | D        | Reached skill level 12 in Axes
   451 | D        | Reached XP level 6. HP: 63/63 MP: 5/5
   451 | D        | Reached XP level 7. HP: 70/70 MP: 6/6
   455 | D        | Found a roughly hewn altar of Beogh.
   455 | D        | Found an ornate altar of the Wu Jian Council.
   455 | D        | Noticed a human
   455 | D        | Noticed a human
   456 | D        | Found a hide-covered altar of Uskayaw.
   456 | D        | Found an iron altar of Okawaru.
   456 | D        | Found a bloodstained altar of Trog.
   465 | D        | Killed a human
   465 | D        | Reached ***** piety under Trog
   468 | D        | Killed a human
   737 | D        | Found a shadowy altar of Dithmenos.
   742 | D        | Reached skill level 10 in Fighting
   742 | D        | Reached skill level 13 in Axes
   746 | D        | Found a basalt altar of Yredelemnul.
   746 | D        | Found a sacrificial altar of Ru.
   755 | D        | Noticed a shadow
   762 | D        | Reached XP level 8. HP: 66/79 MP: 7/7
   767 | D        | Reached skill level 10 in Armour
   828 | D        | Found a blossoming altar of Fedhas.
   828 | D        | Found a stormy altar of Qazlal.
   829 | D        | Found a snail-covered altar of Cheibriados.
   829 | D        | Found a burning altar of Makhleb.
   829 | D        | Found a hazy altar of Hepliaklqana.
   829 | D        | Found a shimmering altar of Xom.
   829 | D        | Found an opulent altar of Gozag.
   829 | D        | Found a sparkling altar of Nemelex Xobeh.
   829 | D        | Found a corrupted altar of Lugonu.
   829 | D        | Found a viscous altar of Jiyva.
   850 | D        | Noticed Snorg
   859 | D        | Killed Snorg
   859 | D        | Received a gift from Trog
   859 | D        | Reached skill level 15 in Axes
   859 | D        | Reached skill level 10 in Dodging
   859 | D        | Reached XP level 9. HP: 40/89 MP: 8/8
  1100 | D        | Found a roughly hewn altar of Beogh.
  1107 | D        | Noticed an orc knight
  1107 | D        | Noticed an orc sorcerer
  1110 | D        | Killed an orc sorcerer
  1112 | D        | Received a gift from Trog
  1120 | D        | Killed an orc knight
  1120 | D        | Reached ****** piety under Trog
  1122 | D        | Received a gift from Trog
  1130 | D        | Got a crystal battleaxe {god gift}
  1131 | D        | Identified the +9 battleaxe of the Other Side {elec, +Rage rF+ Int+3 Stlth+} (Trog gifted it to you in the Dungeon)
  1134 | D        | Found Janwaoc's Distillery.
  1230 | D        | Noticed a centaur warrior
  1232 | D        | Killed a centaur warrior
  1232 | D        | Reached skill level 16 in Axes
  1235 | D        | Received a gift from Trog
  1283 | D        | Killed an unseen horror
  1283 | D        | Reached skill level 17 in Axes
  1283 | D        | Reached XP level 10. HP: 80/100 MP: 9/9
  1371 | D        | Received a gift from Trog
  1390 | D        | Received a gift from Trog
  1403 | D        | Received a gift from Trog
  1419 | D        | Received a gift from Trog
  1430 | D        | Reached skill level 18 in Axes
  1433 | D        | Got a sapphire executioner's axe {god gift}
  1446 | D        | Identified the +10 executioner's axe of the Twelve Ghosts {chop, rPois Str+2 Dex+5 Stlth-} (Trog gifted it to you in the Dungeon)
  1725 | D        | Noticed a spiny frog
  1725 | D        | Noticed a spiny frog
  1727 | D        | Killed a spiny frog
  1728 | D        | Killed a spiny frog
  1728 | D        | Received a gift from Trog
  1882 | D        | Reached XP level 11. HP: 100/111 MP: 10/10
  1917 | D        | Reached skill level 19 in Axes
  1918 | D        | Received a gift from Trog
  1998 | D        | Noticed Rupert
  2007 | D        | Slain by Rupert

Skill      XL: |  1  2  3  4  5  6  7  8  9 10 11 |
---------------+----------------------------------+-----
Fighting       | 4 5 6 9 10 11 12 14 | 14.4
Axes           | 4 6 8 12 13 15 17 18 19 | 19.1
Armour         | 3 4 6 8 9 11 12 14 | 14.2
Dodging        | 3 4 5 7 8 10 11 13 | 13.2

Action                   |  1- 3 |  4- 6 |  7- 9 | 10-12 || total
-------------------------+-------+-------+-------+-------++-------
Melee: Hand axe          |    12 |    18 |    46 |       ||    76
       Headbutt          |     3 |     4 |    18 |    10 ||    35
       Battleaxe         |       |       |     8 |    65 ||    73
       Executioner's axe |       |       |       |    31 ||    31
Invok: Berserk           |     1 |     3 |     2 |       ||     6
       Burn Spellbooks   |       |       |     1 |       ||     1
       Brothers in Arms  |       |       |     1 |     1 ||     2
  Use: Potion            |       |       |       |     1 ||     1
  Eat: Chunk             |       |     1 |     3 |     2 ||     6
       Ration            |       |       |     1 |       ||     1
Armor: Animal skin       |     1 |       |     1 |       ||     2
       Plate armour      |       |       |    10 |    34 ||    44
Dodge: Dodged            |     6 |     8 |    32 |    63 ||   109
